 Dungeon Crawl Stone Soup version 0.25-a0-464-g3004169c2b (webtiles) character file.

Game seed: 13873580031135597479, levelgen mode: deterministic

290 Elellon the Conjurer (level 6, 0/32 HPs)
             Began as a Deep Elf Conjurer on Feb 4, 2020.
             Succumbed to a kobold's poison
             ... in a sewer.
             The game lasted 00:05:11 (3333 turns).

Elellon the Conjurer (Deep Elf Conjurer)            Turns: 3333, Time: 00:05:12

Health: 0/32       AC:  2    Str:  7    XL:     6   Next: 9%
Magic:  0/17       EV: 13    Int: 20    God:
Gold:   122        SH:  0    Dex: 15    Spells: 14/17 levels left

rFire    . . .     SeeInvis .   (no weapon)
rCold    . . .     Gourm    .   (no shield)
rNeg     . . .     Faith    .   a - +0 robe
rPois    .         Spirit   .   (no helmet)
rElec    .         Reflect  .   (no cloak)
rCorr    .         Harm     .   (no gloves)
MR       .....                  (no boots)
Stlth    ++........             (no amulet)
HPRegen  0.10/turn              (no ring)
MPRegen  0.15/turn              (no ring)

@: lethally poisoned (0 -> -3)
A: no striking features
a: no special abilities


You were in a sewer.
You were not hungry.

You visited 1 branch of the dungeon, and saw 3 of its levels.
You also visited: Sewer.

You collected 122 gold pieces.

Inventory:

Armour
 a - a +0 robe (worn)
 b - a +2 shield
Wands
 l - a wand of flame (20)
Scrolls
 e - a scroll of enchant armour {unknown}
 g - a scroll of identify {unknown}
 i - a scroll of remove curse {unknown}
 j - 2 scrolls of amnesia {unknown}
 m - 2 scrolls of magic mapping {unknown}
 n - a scroll of noise {unknown}
Potions
 d - a potion of heal wounds {unknown}
 f - a potion of haste {unknown}
 h - 2 potions of might {unknown}
 k - a potion of magic {unknown}
 o - 2 potions of curing {unknown}
 q - a potion of berserk rage {unknown}
Comestibles
 c - 4 rations
 p - a chunk of flesh


   Skills:
 - Level 2.4 Dodging
 - Level 2.4 Stealth
 + Level 1.5 Shields
 + Level 6.1 Spellcasting
 + Level 6.2 Conjurations


You had 14 spell levels left.
You knew the following spells:

 Your Spells              Type           Power        Failure   Level  Hunger
a - Magic Dart            Conj           ####         1%          1    None
b - Searing Ray           Conj           ####..       1%          2    None

Your spell library contained the following spells:

 Spells                   Type           Power        Failure   Level  Hunger
 Dazzling Flash           Conj/Hex       ###...       9%          3    ##.....
 Fulminant Prism          Conj/Hex       ###.......   28%         4    ####...
 Iskenderun's Mystic Bla  Conj/Tloc      ###.....     28%         4    ####...


Dungeon Overview and Level Annotations

Branches:
Dungeon (3/15)              Sewer (1/1)

Altars:
Dithmenos
Makhleb
Qazlal


Message History

The big kobold barely misses you.
The searing ray hits the big kobold.
The big kobold is almost dead.
The big kobold closely misses you. The big kobold misses you.
The searing ray hits the big kobold.
The big kobold is almost dead.
The big kobold hits you.
* * * LOW HITPOINT WARNING * * *
The big kobold closely misses you.
Casting: Searing Ray (safe; 1% risk of failure)
Confirm with . or Enter, or press ? or * to list all spells.
You don't have enough magic to cast that spell.
You hit the big kobold but do no damage.
The big kobold is almost dead.
The big kobold hits you with a +0 short sword.
* * * LOW HITPOINT WARNING * * *
The big kobold barely misses you.
You closely miss the big kobold.
The big kobold is almost dead.
You die...

≈≈≈≈≈≈≈≈≈≈≈≈≈≈≈≈≈≈≈#
≈≈≈≈≈≈≈≈≈≈≈÷≈≈≈≈≈≈≈#
######≈≈########'###
....≈P≈≈P.#..!.#...#
....≈≈P≈..'.!∩.#.∩.#
.....(...()!...#.∩.#
....P..†..#...!#####
....P(KK### ####
.....##@# ##### ###


You could see 2 big kobolds.

Vanquished Creatures
  An ogre (D:3)
  An orc wizard (D:3)
  6 adders
  3 gnolls (D:2)
  2 oozes
  A worm (D:2)
  2 dart slugs
  A leopard gecko (D:3)
  3 orcs (D:3)
  3 giant cockroaches (D:1)
  5 goblins
  13 hobgoblins
  2 jackals (D:1)
  A ball python (Sewer)
  12 bats
  5 frilled lizards
  6 kobolds
  7 rats
74 creatures vanquished.

Notes
Turn   | Place    | Note
-------+----------+-------------------------------------------
     0 | D:1      | Elellon the Deep Elf Conjurer began the quest for the Orb.
     0 | D:1      | Reached XP level 1. HP: 10/10 MP: 6/6
   267 | D:1      | Reached XP level 2. HP: 15/15 MP: 4/8
   305 | D:1      | Learned a level 2 spell: Searing Ray
   759 | D:1      | Reached XP level 3. HP: 19/19 MP: 8/10
   784 | D:1      | Reached skill level 5 in Conjurations
  1492 | D:2      | Found a faded altar of an unknown god.
  1671 | D:2      | Reached XP level 4. HP: 24/24 MP: 6/12
  1843 | D:2      | Reached skill level 5 in Spellcasting
  2404 | D:2      | Found a burning altar of Makhleb.
  2626 | D:3      | Found a stormy altar of Qazlal.
  2706 | D:3      | Noticed an ogre
  2711 | D:3      | Killed an ogre
  2711 | D:3      | Reached skill level 1 in Shields
  2711 | D:3      | Reached XP level 5. HP: 28/28 MP: 9/15
  2874 | D:3      | Found a shadowy altar of Dithmenos.
  2941 | D:3      | Reached XP level 6. HP: 31/32 MP: 7/17
  3104 | D:3      | Found a glowing drain.
  3113 | Sewer    | Entered a sewer
  3332 | Sewer    | HP: 1/32 [big kobold/+0 short sword (1)]
  3333 | Sewer    | Succumbed to a kobold's poison

Levels and vault maps discovered:
D:1:      nicolae_arrival_somewhat_less_tricky_arrival, layout_loops_ring
D:2:      layout_loops_ring, bloody_makhleb, chequers_ecumenical_altar_grove,
          first_ration
D:3:      layout_basic, old_standard_altar, portal_sewer_entry_d,
          nicolae_dithmenos_shadow_blocks
Sewer:    kennysheep_pipe_town

Skill      XL: |  1  2  3  4  5 |
---------------+----------------+-----
Spellcasting   | 4 5 6 |  6.1
Conjurations   | 5 6 |  6.2
Shields        | 1 |  1.5
Dodging        | |  2.4
Stealth        | |  2.4

Action                   |  1- 3 |  4- 6 || total
-------------------------+-------+-------++-------
Melee: Unarmed           |       |     2 ||     2
 Cast: Magic Dart        |    88 |    40 ||   128
       Searing Ray       |       |    16 ||    16
  Eat: Chunk             |     2 |     5 ||     7
Armor: Robe              |     1 |     4 ||     5
Dodge: Dodged            |     9 |    28 ||    37

Table legend:
 A = Non-vault XP
 B = Vault XP
 C = Vault XP percentage of total XP
 D = Non-vault monster count
 E = Vault monster count
 F = Vault count percentage of total count
                 A         B        C        D         E       F
            +---------+---------+-------+---------+---------+-------
      Total |     385 |      30 |   7.2 |      67 |       7 |   9.5
            +---------+---------+-------+---------+---------+-------
        D:1 |      51 |       0 |   0.0 |      26 |       0 |   0.0
        D:2 |     128 |       0 |   0.0 |      25 |       0 |   0.0
        D:3 |     206 |      13 |   5.9 |      16 |       1 |   5.9
      Sewer |       0 |      17 | 100.0 |       0 |       6 | 100.0
            +---------+---------+-------+---------+---------+-------
